 Dungeon Crawl Stone Soup version 0.32-a0-636-g4925a30cd0 (webtiles) character file.

Game seed: 15190495526645821839

2 GordonOverkill the Sneak (level 1, -2/13 HPs)
             Began as a Deep Elf Delver on Mar 7, 2024.
             Slain by a bullfrog (4 damage)
             ... on level 4 of the Dungeon.
             The game lasted 00:01:00 (119 turns).

GordonOverkill the Sneak (Deep Elf Delver)           Turns: 119, Time: 00:01:00

Health: -2/13      AC:  3    Str:  9    XL:     1   Next: 25%
Magic:  3/3        EV: 12    Int: 14    God:
Gold:   20         SH:  0    Dex: 16    Spells: 0/0 levels left

rFire   . . .        h - +0 orcbow
rCold   . . .        (shield currently unavailable)
rNeg    . . .        b - +0 leather armour
rPois   .            (no helmet)
rElec   .            (no cloak)
rCorr   .            (no gloves)
SInv    .            (no boots)
Will    .....        (no amulet)
Stlth   +++          (no ring)
HPRegen 0.22/turn    (no ring)
MPRegen 0.08/turn

%: no passive effects
@: no status effects
A: no striking features
a: no special abilities


You were on level 4 of the Dungeon.
You visited 1 branch of the dungeon, and saw 3 of its levels.

You collected 20 gold pieces.

Inventory:

Hand Weapons
 h - a +0 orcbow (weapon)
 k - a +0 short sword of speed
Armour
 b - a +0 leather armour (worn)
Wands
 g - a wand of digging (3)
Scrolls
 c - a scroll of fog
 d - a scroll of revelation
 e - a scroll of fear
 i - 3 scrolls of enchant armour {unknown}
Potions
 f - a potion of haste
 j - a potion of degeneration {unknown}


   Skills:
 - Level 2.4 Fighting
 - Level 2.0 Short Blades
 + Level 1.0 Ranged Weapons
 - Level 2.4 Dodging
 - Level 6.0 Stealth


You couldn't memorise any spells.
You didn't know any spells.
Your spell library contained the following spells:

 Spells                   Type           Power      Damage    Failure   Level
 Hailstorm                Conj/Ice       0%         3d5       77%         3
 Summon Ice Beast         Ice/Summ       0%         N/A       77%         3
 Sculpt Simulacrum        Ice/Alch       0%         N/A       100%        6


Dungeon Overview and Level Annotations

Branches:
Dungeon (6/15)
 Temple: D:4-7

Altars:
Nemelex Xobeh


Message History

No target in view!
Things that are here:
a +0 short sword of speed; a kobold corpse
k - a +0 short sword of speed You drop a +0 short sword.
Found a stone staircase leading down.
Found a sparkling altar of Nemelex Xobeh.
Found a cyan potion.
Found a scroll labelled PULI GYMIQOGUE.
A bullfrog comes into view.
An endoplasm comes into view.
You shoot an arrow. The arrow barely misses the bullfrog.
You shoot an arrow. The arrow hits the bullfrog!
The bullfrog is heavily wounded.
The bullfrog misses you. The bullfrog closely misses you.
The bullfrog misses you.
You shoot an arrow. The arrow hits the bullfrog.
The bullfrog is severely wounded.
The bullfrog barely misses you. The bullfrog closely misses you.
You shoot an arrow. The arrow barely misses the bullfrog.
The bullfrog hits you.
* * * LOW HITPOINT WARNING * * *
The bullfrog hits you.
* * * LOW HITPOINT WARNING * * *
You enter a teleport trap!
The teleport trap disappears.
Your surroundings seem slightly different.
Fire: h) +0 orcbow
Press: ? - help, Q - select action Shift-Dir - straight line, f/p - bullfrog
Aim: a bullfrog (severely wounded, 43% to hit)
You shoot an arrow.
The arrow hits the bullfrog but does no damage.
The bullfrog is severely wounded.
You hear the slow hiss of a distant avalanche of sand.
Fire: h) +0 orcbow
Press: ? - help, Q - select action Shift-Dir - straight line, f/p - bullfrog
Aim: a bullfrog (severely wounded, 43% to hit)
You shoot an arrow. The arrow hits the bullfrog.
The bullfrog is almost dead.
The bullfrog hits you.
You die...

#.P.....# ##.....
#.P.....# #.....
#.P.....# ##....
#.P.....# #....
#...#..§## ##...
#........# ##..
#.≈......## ##.
#.≈.F.....# ##
#.≈.@...).# ##.
#.≈......## ###..
#........# ##..##
..........# ##..##
..>.........## ###..####
.....###.....###..####..
..... ######.#..####...
..... ##..####....
##.....##....


You could see a bullfrog.

Vanquished Creatures
  A kobold (D:4)
  A ball python (D:4)
2 creatures vanquished.

Notes
Turn   | Place    | Note
-------+----------+-------------------------------------------
     0 | D:5      | GordonOverkill the Deep Elf Delver began the quest for the
                  | Orb.
     0 | D:5      | Reached XP level 1. HP: 13/13 MP: 3/3
    90 | D:4      | Reached skill level 1 in Ranged Weapons
    99 | D:4      | Found a sparkling altar of Nemelex Xobeh.
   105 | D:4      | Noticed a bullfrog
   119 | D:4      | Slain by a bullfrog

Illustrated notes

Levels and vault maps discovered:
D:4:      minmay_goblin_kobold_castle, layout_cave_pods,
          mainiacjoe_overflow_boulevard, minmay_temple_entry_junction,
          nicolae_ossuary_entry_false_entrances, serial_shops, shop
D:5:      layout_loops_ring, tgw_xom, grunt_gozag_breadcrumbs
D:6:      layout_basic, mainiacjoe_overflow_alcove_4, trog_hazing_becter,
          mainiacjoe_overflow_big_doors, small_statue_intersection

Skill      XL: |  1 |
---------------+----+-----
Ranged Weapons | 1 |  1.0
Fighting       | |  2.4
Short Blades   | |  2.0
Dodging        | |  2.4
Stealth        | |  6.0

Action                     || total
---------------------------++-------
  Melee: Short sword       ||     1
   Fire: Orcbow            ||     8
 Armour: Leather armour    ||     4
  Dodge: Dodged            ||     6

Table legend: (Time is in decaauts)
 A = Elapsed time spent in this place.
 B = Non-inter-level travel time spent in this place.
 C = Inter-level travel time spent in this place.
 D = Time resting spent in this place.
 E = Time spent auto-exploring this place.
 F = Levels seen in this place.
 G = Mean time per level.
                   A        B        C        D        E       F      G
               +--------+--------+--------+--------+--------+-----+--------+
         Total |    121 |    121 |      0 |      0 |      0 |   3 |   40.3 |
       Dungeon |    121 |    121 |      0 |      0 |      0 |   3 |   40.3 |
               +--------+--------+--------+--------+--------+-----+--------+

Top non-repeatable levels by time:
     D:4: 101 daAuts
     D:5: 18 daAuts
     D:6: 1 daAuts
